 Dungeon Crawl Stone Soup version 0.28.0-45-g0d030f2227 (webtiles) character file.

Game seed: 17708860680228470929

33 NinjaNoafa the Chiller (level 3, -12/20 HPs)
             Began as a Gargoyle Ice Elementalist on Apr 10, 2022.
             Killed by divine providence
             ... invoked by an orc priest
              (14 damage)
             ... on level 3 of the Dungeon.
             The game lasted 00:04:32 (1556 turns).

NinjaNoafa the Chiller (Gargoyle Ice Elementalist)  Turns: 1556, Time: 00:04:33

Health: -12/20     AC: 14    Str: 19    XL:     3   Next: 29%
Magic:  3/6        EV: 10    Int: 15    God:
Gold:   28         SH:  0    Dex: 10    Spells: 5/6 levels left

rFire   . . .      SeeInvis .   c - +0 dagger (venom)
rCold   + . .      Faith    .   (no shield)
rNeg    + . .      Spirit   .   b - +5 scale mail {rC+}
rPois   ∞          Reflect  .   (no helmet)
rElec   +          Harm     .   (no cloak)
rCorr   .          Rampage  .   (no gloves)
Will    .....                   (no boots)
Stlth   +.........              (no amulet)
HPRegen 0.06/turn               g - +6 ring of strength
MPRegen 0.10/turn               (no ring)

@: no status effects
A: sickness immunity, AC +3, negative energy resistance 1, electricity
resistance, torment resistance 1, petrification resistance
a: no special abilities


You were on level 3 of the Dungeon.
You visited 1 branch of the dungeon, and saw 3 of its levels.

You collected 40 gold pieces.
You spent 12 gold pieces at shops.

Inventory:

Hand Weapons
 c - a +0 dagger of venom (weapon)
 h - a +0 dagger
Armour
 a - a +0 robe
 b - a +5 scale mail of cold resistance (worn)
Jewellery
 g - a +6 ring of strength (left hand)
Potions
 f - a potion of degeneration


   Skills:
 - Level 1.1 Fighting
 + Level 1.0 Armour
 - Level 1.7 Dodging
 + Level 2.5 Stealth
 * Level 2.3 Spellcasting
 * Level 4.2 Ice Magic


You had 5 spell levels left.
You knew the following spells:

 Your Spells              Type           Power      Damage    Failure   Level
a - Freeze                Ice            56%        1d7       12%         1

Your spell library contained the following spells:

 Spells                   Type           Power      Damage    Failure   Level
 Frozen Ramparts          Ice            28%        1d4       34%         3
 Ozocubu's Armour         Ice            14%        N/A       34%         3
 Hailstorm                Conj/Ice       8%         3d4       95%         4


Dungeon Overview and Level Annotations

Branches:
Dungeon (3/15)

Altars:

Shops:
D:1 !

Annotations:
D:2 Robin


Innate Abilities, Weirdness & Mutations

You are immune to sickness and miasma.
Your stone body is resilient. (AC +3)
You are immune to poison.
You resist negative energy. (rN+)
You are resistant to electric shocks. (rElec)
You are resistant to unholy torment.
You are immune to petrification.


Message History

Sorry, you're not good enough to have a special ability.
Casting: Freeze (safe; 12% risk of failure)
Confirm with . or Enter, or press ? or * to list all spells.
Aiming: Freeze (safe; 12% risk of failure)
Press: ? - help, Shift-Dir - straight line, f - orc
Aim: an orc, wielding a +0 club and wearing a +0 leather armour (very poisoned)
You freeze the orc.
The orc is severely wounded.
You kill the orc!
The howler monkey skeleton hits you but does no damage.
The orc priest calls upon Beogh to heal the orc.
The orc's wounds heal themselves!
Your Armour skill increases to level 1!
You closely miss the orc priest. The orc barely misses you.
The orc priest hits you but does no damage.
The orc priest mumbles some strange prayers to Beogh against you.
Pain shoots through your body!
* * * LOW HITPOINT WARNING * * *
Casting: Freeze (safe; 12% risk of failure)
Confirm with . or Enter, or press ? or * to list all spells.
Aiming: Freeze (safe; 12% risk of failure)
Press: ? - help, Shift-Dir - straight line, f - orc
Aim: an orc, wielding a +0 club and wearing a +0 chain mail (very poisoned)
You freeze the orc.
The orc is moderately wounded.
The orc hits you but does no damage.
The orc priest hits you but does no damage.
The orc priest hits you but does no damage.
Casting: Freeze (safe; 12% risk of failure)
Confirm with . or Enter, or press ? or * to list all spells.
Aiming: Freeze (safe; 12% risk of failure)
Press: ? - help, Shift-Dir - straight line, f/p - orc
Aim: an orc, wielding a +0 club and wearing a +0 chain mail (moderately wounded, poisoned)
You freeze the orc.
The orc is severely wounded.
The orc hits you but does no damage. The endoplasm barely misses you.
The orc priest invokes the aid of Beogh against you.
Beogh smites you!
Ouch! That really hurt!
You die...

#.......#....
#............
#..........#
#..........#
#.#........#
#.#.).)g...#
#.#.....?..#
#.#...oJZ..####
#.#..oo@.......
#.########...$........
#.########............
#.......##............
#.......##............
##......##............
#.....###...........#
#.....# #...........#
#.....# #....<......#


You could see 2 orc priests, an orc (poisoned), an endoplasm, a goblin and a
howler monkey skeleton.

Vanquished Creatures
  2 orcs (D:3)
  6 bats (D:1)
  4 giant cockroaches
  3 goblins
  5 hobgoblins
  5 ball pythons
  A frilled lizard (D:1)
  A kobold (D:2)
27 creatures vanquished.

Vanquished Creatures (others)
  10 toadstools (D:3)
10 creatures vanquished.

Grand Total: 37 creatures vanquished

Notes
Turn   | Place    | Note
-------+----------+-------------------------------------------
     0 | D:1      | NinjaNoafa the Gargoyle Ice Elementalist began the quest
                  | for the Orb.
     0 | D:1      | Reached XP level 1. HP: 10/10 MP: 3/3
   185 | D:1      | Reached XP level 2. HP: 16/16 MP: 3/5
   375 | D:1      | Found Janliec's Distillery.
   694 | D:1      | Bought a potion of degeneration for 12 gold pieces
   797 | D:1      | Found a faded altar of an unknown god.
  1001 | D:1      | Reached skill level 1 in Fighting
  1174 | D:2      | Reached XP level 3. HP: 19/20 MP: 6/6
  1273 | D:2      | Noticed Robin
  1552 | D:3      | Reached skill level 1 in Armour
  1556 | D:3      | Killed from afar by an orc priest

Illustrated notes

Levels and vault maps discovered:
D:1:      dpeg_arrival_rooms_a, layout_rooms, serial_shops,
          nicolae_lakefront_shop, shapermc_ecumenical_altar_mp_urbaneastern
D:2:      layout_basic, st_stairs_14, uniq_robin
D:3:      cheibrodos_fertilizer, layout_basic, cheibrodos_sewer_entry_sluice,
          serial_shops, nicolae_shop_behind_doors, dk_noncrumbling_2

Skill      XL: |  1  2  3 |
---------------+----------+-----
Fighting       | 1 |  1.1
Armour         | 1 |  1.0
Dodging        | |  1.7
Stealth        | |  2.5
Spellcasting   | |  2.3
Ice Magic      | |  4.2

Action                   || total
-------------------------++-------
Melee: Unarmed           ||    62
       Dagger            ||    46
 Cast: Freeze            ||    20
  Use: Scroll            ||     4
       Potion            ||     2
Armor: Robe              ||    14
       Scale mail        ||   102
Dodge: Dodged            ||    75
